AoeStats
← xxxxxxxxxxxxx

Black Forest

505563126Analyzed
4v4 RM · 22d ago on Sep 10, 2026· 55m 15s· 8 players
Game mode
Random Map
Map size
Large (8 player)
Population
200
Speed
Normal
Resources
Standard
Victory
Conquest
Starting age
Dark Age
Ending age
Imperial Age
RankedLock teamsTeams togetherTeam positionsShared explorationLock speedFull tech treeHidden civsTurbo modeCheats
Victory
Defeat
🇺🇸 Teutons · United States
930
+16
🇺🇸 Bohemians · United States
928
+16
🇺🇸 Huns · United States
879
+29
🇺🇸 Saracens · United States
864
+20
🇨🇱 Franks · Chile
958
-18
🇩🇪 Spanish · Germany
940
-18
🇹🇼 Mongols · Taiwan
938
-18
🇨🇱 Goths · Chile
900
-16
Ratchet08
0:26 Loom
12:27 Feudal Age
19:41 Castle Age
17:47 Double-Bit Axe
17:47 Horse Collar
20:29 Fletching
20:41 Padded Archer Armor
21:35 Crossbowman
22:51 Bodkin Arrow
33:27 Bow Saw
33:19 Heavy Plow
39:43 Imperial Age
37:49 Wheelbarrow
37:01 Town Watch
41:03 Hand Cart
40:50 Town Patrol
40:58 Bracer
40:44 Elite Skirmisher
41:32 Thumb Ring
43:06 Chemistry
41:48 Treadmill Crane
42:16 Siege Engineers
42:35 Ballistics
42:44 Leather Archer Armor
43:56 Two-Man Saw
43:29 Conscription
44:38 Ring Archer Armor
44:19 Forging
44:15 Scale Barding Armor
43:56 Elite Mameluke
45:05 Bloodlines
44:58 Husbandry
44:22 Light Cavalry
46:02 Siege Engineers
48:16 Iron Casting
48:02 Chain Barding Armor
47:44 Hussar
Lordnino
2:41 Loom
18:14 Feudal Age
18:42 Double-Bit Axe
18:39 Horse Collar
23:24 Man-at-Arms
24:24 Forging
24:31 Scale Mail Armor
25:13 Arson
25:24 Fletching
27:57 Padded Archer Armor
30:35 Castle Age
30:45 Pikeman
30:49 Crossbowman
33:26 Squires
34:08 Bow Saw
33:59 Heavy Plow
35:35 Wheelbarrow
35:34 Bodkin Arrow
37:22 Leather Archer Armor
38:57 Hand Cart
39:09 Town Watch
40:56 Town Patrol
44:28 Imperial Age
43:09 Caravan
43:41 Wagenburg Tactics
45:26 Halberdier
46:44 Iron Casting
46:25 Chain Mail Armor
46:33 Conscription
47:36 Two-Man Saw
47:16 Elite Hussite Wagon
48:31 Bracer
49:37 Chemistry
48:57 Siege Engineers
49:13 Ballistics
50:05 Ring Archer Armor
50:07 Plate Mail Armor
51:08 Houfnice
51:36 Treadmill Crane
52:48 Bombard Tower
52:26 Murder Holes
54:17 Blast Furnace
53:57 Masonry
soon catch
1:20 Loom
12:23 Feudal Age
12:57 Double-Bit Axe
12:56 Horse Collar
17:36 Wheelbarrow
17:04 Stone Mining
17:07 Gold Mining
20:12 Castle Age
20:59 Forging
23:14 Scale Barding Armor
23:13 Scale Mail Armor
23:52 Heavy Plow
24:27 Bow Saw
27:23 Fletching
28:33 Ballistics
29:29 Iron Casting
33:33 Imperial Age
31:42 Bodkin Arrow
32:39 Stone Shaft Mining
32:21 Hand Cart
31:51 Town Watch
32:45 Squires
32:32 Arson
34:13 Chain Mail Armor
37:20 Chemistry
36:46 Conscription
38:07 Blast Furnace
36:32 Pikeman
37:27 Bloodlines
36:38 Cavalier
36:51 Elite Teutonic Knight
38:05 Crenellations
38:54 Siege Engineers
39:23 Plate Mail Armor
39:16 Guilds
40:16 Crop Rotation
40:47 Two-Man Saw
40:02 Masonry
40:02 Scale Barding Armor
39:57 Padded Archer Armor
43:02 Fervor
43:17 Ironclad
42:35 Halberdier
44:46 Hoardings
44:40 Chain Barding Armor
44:38 Leather Archer Armor
44:39 Fortified Wall
44:52 Bombard Tower
44:39 Town Patrol
44:49 Caravan
47:06 Redemption
49:31 Sappers
49:27 Paladin
49:31 Crossbowman
49:32 Elite Skirmisher
50:41 Crenellations
visikid
12:34 Feudal Age
19:46 Castle Age
17:55 Double-Bit Axe
22:26 Wheelbarrow
25:16 Ballistics
36:25 Masonry
37:16 Horse Collar
38:01 Hand Cart
39:07 Bow Saw
41:17 Thumb Ring
43:28 Fletching
43:39 Padded Archer Armor
43:45 Scale Barding Armor
44:21 Murder Holes
47:28 Imperial Age
45:08 Loom
47:19 Gold Mining
49:07 Conscription
48:59 Elite Tarkan
51:36 Parthian Tactics
51:22 Heavy Cavalry Archer
52:31 Chain Barding Armor
52:27 Leather Archer Armor
52:23 Bodkin Arrow
LOTHBROKRG
0:26 Loom
11:07 Feudal Age
16:58 Horse Collar
17:56 Double-Bit Axe
22:10 Castle Age
19:56 Man-at-Arms
22:38 Wheelbarrow
22:04 Stone Mining
22:30 Gold Mining
36:56 Imperial Age
36:28 Anarchy
37:01 Forging
37:52 Hand Cart
39:04 Bow Saw
49:35 Town Watch
TrueCrime
0:30 Loom
14:15 Feudal Age
eyungepizarro
1:16 Loom
13:59 Feudal Age
16:57 Double-Bit Axe
16:44 Man-at-Arms
23:12 Castle Age
21:45 Gold Mining
22:36 Scale Barding Armor
22:44 Forging
22:34 Stone Mining
24:57 Gold Shaft Mining
26:28 Bow Saw
26:35 Elite Skirmisher
27:20 Husbandry
27:28 Scale Barding Armor
29:56 Padded Archer Armor
29:47 Fletching
33:51 Wheelbarrow
37:26 Imperial Age
36:44 Hand Cart
37:31 Bodkin Arrow
37:57 Chain Barding Armor
37:37 Cavalier
40:41 Light Cavalry
42:51 Conscription
44:07 Hand Cart
46:06 Ballistics
52:23 Paladin
xxxxxxxxxxxxx
7:17 Loom
14:33 Feudal Age
15:48 Double-Bit Axe
15:48 Horse Collar
18:47 Castle Age
18:38 Wheelbarrow
20:06 Heavy Plow
20:17 Bow Saw
23:42 Hand Cart
24:27 Husbandry
24:38 Bloodlines
26:26 Gold Mining
26:26 Stone Mining
29:40 Stone Mining
30:46 Gold Shaft Mining
31:43 Fletching
32:04 Forging
32:00 Scale Barding Armor
31:56 Padded Archer Armor
35:53 Imperial Age
33:51 Ballistics
34:10 Caravan
34:59 Stone Shaft Mining
37:02 Drill
38:04 Chemistry
37:11 Siege Engineers
37:18 Masonry
36:41 Capped Ram
38:21 Conscription
41:21 Iron Casting
40:42 Bodkin Arrow
41:03 Leather Archer Armor
41:09 Chain Barding Armor
40:36 Elite Mangudai
40:47 Siege Ram
42:00 Light Cavalry
47:25 Hussar
51:09 Heavy Scorpion
Connection lost

Rejoining the realm…

Still unreachable

The connection could not be restored.

Session expired

The server has moved on; the page needs a fresh start.